Map: Neon Violet Square LE

Players

lllllllIIIIl (Nina) - Winner!

  • Race: Protoss Protoss
  • League: Grandmaster
  • Spawn Location: 5:00

SpeCial

  • Race: Terran Terran
  • League: Master
  • Spawn Location: 11:00

VOD

Have the link to the VOD?

Description

Time

  • Played on: Dec. 23, 2017, 9:31 p.m.
  • Length: 7:46
Show
View Real Time Build Order
Export as new Build Order

lllllllIIIIl Protoss - Winner!

Build Orders:  

Get SALT Encoding   

  12  0:00  Probe  
  13  0:12  Probe  
  14  0:18  Pylon  
  14  0:25  Probe (Chrono Boost)  
  15  0:37  Probe (Chrono Boost)  
  15  0:39  Gateway  
  16  0:46  Probe (Chrono Boost)  
  17  0:50  Assimilator  
  17  0:51  Probe  
  18  1:03  Probe  
  19  1:12  Gateway  
  19  1:15  Probe  
  20  1:18  Assimilator  
  20  1:27  Probe  
  20  1:29  Cybernetics Core  
  21  1:40  Probe  
  22  1:53  Probe  
  23  2:02  Pylon  
  23  2:05  Warp Gate (Chrono Boost)  
  23  2:06  Robotics Facility  
  23  2:18  Stalker (Chrono Boost)  
  23  2:19  Stalker (Chrono Boost)  
  27  2:29  Probe  
  28  2:38  Shield Battery  
  28  2:46  Stalker  
  30  2:51  Pylon  
  29  3:01  Warp Prism  
  31  3:11  Sentry  
  33  3:16  Gateway  
  33  3:25  Gateway  
  33  3:36  Probe  
  34  3:41  Pylon, Observer  
  35  4:03  Sentry  
  35  4:06  Stalker  
  39  4:21  Pylon  
  39  4:22  Stalker x2  
  43  4:26  Stalker  
  43  4:30  Stalker  
  47  4:49  Stalker  
  47  4:50  Stalker x2  
  43  5:18  Stalker x3, Probe  
  48  5:28  Warp Prism (Chrono Boost)  
  50  5:39  Zealot  
  50  5:41  Pylon  
  52  5:43  Sentry  
  54  6:01  Sentry x2  
  58  6:06  Probe  
  58  6:22  Pylon  
  58  6:25  Stalker x2  
  58  6:30  Pylon  
  62  6:45  Observer  
  63  6:51  Stalker  
  63  6:52  Stalker  
  63  6:53  Stalker  
  69  6:54  Zealot  
  71  7:15  Zealot x3  
  77  7:17  Stalker  
  77  7:36  Stalker x2  
Show
View Real Time Build Order
Export as new Build Order

SpeCial Terran 

Build Orders: Cyclone Opening 

Get SALT Encoding   

  12  0:00  SCV  
  13  0:12  SCV  
  14  0:18  Supply Depot  
  14  0:24  SCV  
  15  0:42  Barracks  
  15  0:45  Refinery  
  15  0:47  SCV  
  16  0:59  SCV  
  16  1:00  Refinery  
  17  1:11  SCV  
  18  1:28  Orbital Command  
  18  1:29  Barracks Tech Lab  
  18  1:38  Supply Depot  
  18  1:47  Concussive Shells, Marauder  
  20  1:56  SCV  
  21  2:03  Factory  
  21  2:11  Marauder  
  24  2:17  Bunker  
  24  2:19  Bunker  
  24  2:21  SCV  
  24  2:34  SCV  
  25  2:46  SCV  
  26  2:52  Cyclone  
  26  2:53  Starport  
  26  2:58  Supply Depot, SCV  
  30  3:10  SCV  
  30  3:12  Liberator  
  31  3:22  SCV  
  31  3:25  Factory Reactor  
  35  3:39  Command Center  
  35  3:41  SCV  
  36  3:46  Supply Depot  
  36  3:55  SCV  
  37  4:08  Cyclone  
  40  4:10  Supply Depot  
  40  4:12  Cyclone  
  43  4:19  Viking  
  44  4:32  Supply Depot  
  44  4:40  Cyclone  
  47  4:50  Command Center  
  47  4:56  Supply Depot  
  47  5:00  Cyclone  
  45  5:07  SCV  
  45  5:19  SCV  
  43  5:22  Cyclone  
  46  5:31  SCV  
  47  5:38  Supply Depot  
  47  5:43  SCV  
  47  5:53  Cyclone  
  47  5:55  SCV  
  49  6:03  Cyclone  
  50  6:07  SCV  
  51  6:19  Bunker  
  51  6:24  SCV  
  51  6:25  Marine  
  53  6:27  Cyclone  
  53  6:30  Orbital Command  
  56  6:36  SCV  
  57  6:43  Marine  
  57  6:45  Cyclone  
  61  6:52  SCV  
  62  6:57  SCV  
  62  7:01  Marine  
  64  7:04  SCV  
  65  7:09  SCV  
  65  7:13  Supply Depot  
  66  7:16  SCV  
  66  7:20  Marine  
  71  7:29  SCV  
Tags
 
Add a new tag
Caveats
  • Supply blocks, unpowered buildings, or Contaminate may cause inaccurate times.
  • Supply counts are checked every 10 seconds.